 Dungeon Crawl Stone Soup version 0.21-a0-504-g2eda33064f (webtiles) character file.

92 Kaname the Stinger (level 4, -3/30 HPs)
             Began as a Demonspawn Venom Mage on Nov 25, 2017.
             Killed by divine providence
             ... invoked by an orc priest
              (17 damage)
             ... on level 2 of the Dungeon.
             The game lasted 00:07:04 (1728 turns).

Kaname the Stinger (Demonspawn Venom Mage)          Turns: 1728, Time: 00:07:05

Health: -3/30      AC: 10    Str:  8    XL:     4   Next: 35%
Magic:  1/7        EV: 12    Int: 18    God:
Gold:   55         SH:  0    Dex: 13    Spells: 1/7 levels left

rFire    + . .     SeeInvis .   k - +0 mace (protect)
rCold    + + .     Gourm    .   (no shield)
rNeg     . . .     Faith    .   a - +0 robe
rPois    .         Spirit   .   (no helmet)
rElec    .         Reflect  .   o - scarf {rC+ rF+}
rCorr    .         Harm     .   (no gloves)
MR       .....                  h - +0 pair of boots
Stlth    ++........             (no amulet)
HPRegen  1.10/turn              n - ring of protection from cold
MPRegen  0.10/turn              (no ring)

@: protection aura, very slightly contaminated
A: powered by death 1, spiny 1
a: no special abilities


You were on level 2 of the Dungeon.
You were not hungry.

You visited 1 branch of the dungeon, and saw 2 of its levels.

You collected 55 gold pieces.

Inventory:

Hand Weapons
 k - a +0 mace of protection (weapon)
Armour
 a - a +0 robe (worn)
 h - a +0 pair of boots (worn)
 o - a scarf of resistance (worn)
Jewellery
 n - a ring of protection from cold (left hand)
Scrolls
 d - a scroll of identify {unknown}
 e - a scroll of remove curse {unknown}
 f - a scroll of random uselessness {unknown}
 g - a scroll of noise {unknown}
 i - a scroll of immolation {unknown}
Potions
 j - 2 potions of ambrosia {unknown}
 l - 2 potions of curing {unknown}
Books
 b - a Young Poisoner's Handbook

   Spells                             Type                      Level
   a - Sting                          Conjuration/Poison           1
   b - Poisonous Vapours              Poison/Air                   2
   c - Mephitic Cloud                 Conjuration/Poison/Air       3
   d - Olgreb's Toxic Radiance        Poison                       4
   e - Venom Bolt                     Conjuration/Poison           5
Comestibles
 c - 2 bread rations
 m - a meat ration
 p - 2 chunks of flesh


   Skills:
 - Level 1.7 Dodging
 - Level 1.7 Stealth
 - Level 2.0 Spellcasting
 - Level 2.0 Conjurations
 + Level 0.9 Air Magic
 * Level 4.6 Poison Magic


You had one spell level left.
You knew the following spells:

 Your Spells              Type           Power        Failure   Level  Hunger
a - Sting                 Conj/Pois      ##..         4%          1    #......
b - Poisonous Vapours     Pois/Air       ##....       9%          2    ###....
c - Mephitic Cloud        Conj/Pois/Air  ##......     19%         3    ###....


Dungeon Overview and Level Annotations

Branches:
Dungeon (2/15)

Altars:


Innate Abilities, Weirdness & Mutations

You regenerate a little health from kills.
You are partially covered in sharp spines.


Message History

The orc is struck by your spines. The orc hits you but does no damage.
You hit the orc.
The orc is severely wounded.
The hobgoblin hits you but does no damage.
The orc priest looks encouraged for a moment.
The orc closely misses you. The hobgoblin is struck by your spines.
The hobgoblin hits you but does no damage.
The orc is struck by your spines.
You kill the orc!
Unknown command.
The orc priest closely misses you.
Items here: )) [[ ††† You closely miss the orc priest.
The orc priest is severely wounded.
The orc priest looks more healthy.
The hobgoblin is struck by your spines. The hobgoblin barely misses you.
The orc priest calls down the wrath of Beogh upon you.
Beogh smites you!
Ouch! That really hurt!
You die...

###...#.# #...#
#.#.#.# #...#
#.#.#.# #...#
###.#.#.#####
#...# #
....#.#.....#
#... ### #
#####.#####.##
#.. ..# # #.#
##...## #.# #
#.# #
#.###.....###.#
#.#.# #
#..)......>g@o#
#.#.##### #
#####.....#####
#.......### #
##...##
###.###....
#### ######.##
#.# ##### ...#
#...<÷.# #.#
##.# #.######
#.# ##.# #.#
#.# ##.# #.#
#.# ...# #.#
#.#


You could see an orc priest and a hobgoblin.

Vanquished Creatures
  A hound skeleton (D:2)
  An ooze (D:1)
  2 dart slugs
  3 leopard geckos
  4 orcs (D:2)
  5 bats
  2 giant cockroaches (D:1)
  4 goblins
  9 hobgoblins
  6 jackals (D:2)
  3 kobolds (D:1)
  2 ball pythons (D:1)
  6 frilled lizards
  14 rats (D:1)
62 creatures vanquished.

Notes
Turn   | Place    | Note
-------+----------+-------------------------------------------
     0 | D:1      | Kaname the Demonspawn Venom Mage began the quest for the Orb.
     0 | D:1      | Reached XP level 1. HP: 13/13 MP: 3/3
   407 | D:1      | Gained mutation: You are partially covered in sharp spines. [demonic ancestry]
   407 | D:1      | Reached XP level 2. HP: 19/19 MP: 1/5
   441 | D:1      | Learned a level 2 spell: Poisonous Vapours
   791 | D:1      | Gained mutation: You regenerate a little health from kills. [demonic ancestry]
   791 | D:1      | Reached XP level 3. HP: 17/24 MP: 1/6
  1059 | D:1      | Reached skill level 4 in Poison Magic
  1177 | D:2      | Learned a level 3 spell: Mephitic Cloud
  1513 | D:2      | Reached XP level 4. HP: 22/30 MP: 7/7
  1728 | D:2      | Killed from afar by an orc priest

Vault maps used:
D:1:      erik_arrival_orb_chamber

Skill      XL: |  1  2  3 |
---------------+----------+-----
Poison Magic   | 4 |  4.6
Conjurations   | 2 |  2.0
Dodging        | |  1.7
Stealth        | |  1.7
Spellcasting   | |  2.0
Air Magic      | |  0.9

Action                   |  1- 3 |  4- 6 || total
-------------------------+-------+-------++-------
Melee: Unarmed           |    37 |       ||    37
       Dagger            |    25 |       ||    25
       Mace              |    29 |    20 ||    49
 Cast: Sting             |    46 |       ||    46
       Poisonous Vapours |     3 |     1 ||     4
 Stab: Sleeping          |     1 |     1 ||     2
  Eat: Chunk             |     3 |     1 ||     4
Armor: Robe              |    37 |     6 ||    43
Dodge: Dodged            |    71 |    16 ||    87

Table legend:
 A = Spawn XP
 B = Non-spawn XP
 C = Spawn XP percentage of total XP
 D = Spawn monster count
 E = Non-spawn monster count
 F = Spawn count percentage of total count
 G = Total turns spent on level
                    A         B        C        D         E        F      G
               +---------+---------+-------+---------+---------+-------+---------
         Total |       0 |     132 |   0.0 |       0 |      62 |   0.0 |  1728
               +---------+---------+-------+---------+---------+-------+---------
           D:1 |       0 |      55 |   0.0 |       0 |      34 |   0.0 |  1164
           D:2 |       0 |      77 |   0.0 |       0 |      28 |   0.0 |   564
               +---------+---------+-------+---------+---------+-------+---------
